 Dungeon Crawl Stone Soup version 0.28.0 (webtiles) character file.

Game seed: 3566066088544429062

151 crazypyro the Skirmisher (level 5, 0/55 HPs)
             Began as an Ogre Monk on Feb 15, 2022.
             Was a Priest of Vehumet.
             Slain by Edmund (3 damage)
             ... on level 3 of the Dungeon.
             The game lasted 00:05:57 (4101 turns).

crazypyro the Skirmisher (Ogre Monk)                Turns: 4101, Time: 00:05:57

Health: 0/55       AC:  6    Str: 17    XL:     5   Next: 33%
Magic:  0/2        EV: 10    Int: 11    God:    Vehumet [***...]
Gold:   120        SH:  0    Dex: 11    Spells: 6/7 levels left

rFire   . . .      SeeInvis .   i - +5 dagger "Keskapt" {antimagic, rC+}
rCold   + . .      Faith    .   (no shield)
rNeg    . . .      Spirit   .   b - +0 robe
rPois   .          Reflect  .   (helmet restricted)
rElec   .          Harm     .   l - +2 cloak {Stlth+}
rCorr   .          Rampage  .   (gloves unavailable)
Will    .....                   (boots unavailable)
Stlth   +++.......              (no amulet)
HPRegen 0.18/turn               (no ring)
MPRegen 0.08/turn               (no ring)

@: no status effects
A: large, unfitting armour, tough skin 1
a: Renounce Religion


You were on level 3 of the Dungeon.
You worshipped Vehumet.
Vehumet was most pleased with you.
You visited 1 branch of the dungeon, and saw 4 of its levels.

You collected 120 gold pieces.

Inventory:

Hand Weapons
 a - a +0 mace
 i - the +5 dagger "Keskapt" (weapon) {antimagic, rC+}
   (You took it off an orc on level 3 of the Dungeon)

   It reduces the magical energy of the wielder, and disrupts the spells and
   magical abilities of those it strikes.
   Natural abilities and divine invocations are not affected.
   rC:        It protects you from cold.
Armour
 b - a +0 robe (worn)
 l - a +2 cloak of stealth (worn)
Scrolls
 c - 3 scrolls of identify {unknown}
 d - 3 scrolls of immolation {unknown}
 e - a scroll of brand weapon {unknown}
 g - a scroll of fear {unknown}
 h - a scroll of magic mapping {unknown}
Potions
 f - 2 potions of haste {unknown}
 j - a potion of brilliance {unknown}
 k - 2 potions of heal wounds {unknown}


   Skills:
 - Level 4.5 Fighting
 * Level 3.9 Maces & Flails
 - Level 3.0 Dodging
 - Level 1.9 Stealth
 + Level 1.6 Spellcasting
 + Level 1.4 Ice Magic


You had 6 spell levels left.
You knew the following spells:

 Your Spells              Type           Power      Damage    Failure   Level
a - Freeze                Ice            12%        1d4       4%          1

Your spell library contained the following spells:

 Spells                   Type           Power      Damage    Failure   Level
 Mephitic Cloud           Conj/Pois/Air  0%         N/A       24%         3
 Poisonous Vapours        Pois/Air       0%         N/A       13%         2
 Sting                    Tmut/Pois      0%         1d3       30%         1
 Ensorcelled Hibernation  Hex/Ice        4%         N/A       34%         2
 Passwall                 Tmut/Erth      0%         N/A       43%         2
 Olgreb's Toxic Radiance  Pois           0%         N/A       58%         4
 Swiftness                Air            0%         N/A       67%         3


Dungeon Overview and Level Annotations

Branches:
Dungeon (4/15)
 Temple: D:4-7

Altars:
Vehumet

Shops:
D:3 (

Annotations:
D:3 Edmund


Innate Abilities, Weirdness & Mutations

You are too large for most types of armour.
You have tough skin. (AC +1)


Message History

You hit Edmund but do no damage.
Edmund is lightly wounded.
Edmund hits you with a +0 vorpal flail!
You are too injured to fight recklessly!
You are too injured to fight recklessly!
Casting: Freeze (safe; 4% risk of failure)
Confirm with . or Enter, or press ? or * to list all spells.
Aiming: Freeze (safe; 4% risk of failure)
Press: ? - help, Shift-Dir - straight line, f - Edmund
Aim: Edmund, wielding a +0 vorpal flail and wearing a +0 scale mail (lightly wounded)
You freeze Edmund.
Edmund is lightly wounded.
Casting: Freeze (safe; 4% risk of failure)
Confirm with . or Enter, or press ? or * to list all spells.
Aiming: Freeze (safe; 4% risk of failure)
Press: ? - help, Shift-Dir - straight line, f/p - Edmund
Aim: Edmund, wielding a +0 vorpal flail and wearing a +0 scale mail (lightly wounded)
You freeze Edmund.
Edmund is moderately wounded.
Edmund hits you with a +0 vorpal flail.
There is a stone staircase leading up here.
Edmund barely misses you.
You climb upwards.
There is a stone staircase leading down, spattered with blood here.
You puncture Edmund!
Edmund is moderately wounded.
Edmund hits you with a +0 vorpal flail!
* * * LOW HITPOINT WARNING * * *
You hit Edmund.
Edmund is heavily wounded.
Edmund barely misses you.
You hit Edmund but do no damage.
Edmund is heavily wounded.
Edmund hits you with a +0 vorpal flail.
* * * LOW HITPOINT WARNING * * *
x2 You closely miss Edmund.
Edmund is heavily wounded.
Edmund hits you with a +0 vorpal flail!
* * * LOW HITPOINT WARNING * * *
You die...

#..### #.......###.....##....
#..##################.......###..
#......##.........##.......[.##..
#.####..#.........##.........##..
#.# ##......................#...
#.#######.........#..........#...
#.##.......##..####...........)..
#.##...##...................##...
#.####....####..@..#......)..#...
#.# ###.........@##.))..<...#...
#.######.###.####............####
#.##..........###.#..........# #
#.##..........##..##.........####
#.##..........#..####............
#.##..........#.## #......#####.
#.##..........#.# ###...####...
#.##............# ###....^.##


You could see Edmund.

Vanquished Creatures
  An orc priest (D:3)
  4 gnolls
  6 orcs
  7 endoplasms
  4 giant cockroaches
  8 goblins
  4 hobgoblins
  4 jackals (D:3)
  8 quokkas
  7 ball pythons
  6 bats
  3 frilled lizards
  4 kobolds
  4 rats
70 creatures vanquished.

Notes
Turn   | Place    | Note
-------+----------+-------------------------------------------
     0 | D:1      | crazypyro the Ogre Monk began the quest for the Orb.
     0 | D:1      | Reached XP level 1. HP: 24/24 MP: 1/1
   255 | D:1      | Reached XP level 2. HP: 31/32 MP: 2/2
  1136 | D:1      | Reached XP level 3. HP: 38/40 MP: 3/3
  1425 | D:1      | Found a faded altar of an unknown god.
  1433 | D:1      | Prayed at the altar of an unknown god.
  1433 | D:1      | Became a worshipper of Vehumet
  1433 | D:1      | Reached * piety under Vehumet
  1433 | D:1      | Offered knowledge of Freeze by Vehumet.
  1433 | D:1      | Reached ** piety under Vehumet
  1545 | D:2      | Learned a level 1 spell: Freeze
  1582 | D:2      | Offered knowledge of Sandblast by Vehumet.
  1583 | D:2      | Reached *** piety under Vehumet
  1853 | D:2      | Offered knowledge of Conjure Flame by Vehumet.
  2236 | D:1      | Reached XP level 4. HP: 27/49 MP: 2/4
  2607 | D:1      | Reached skill level 1 in Spellcasting
  3037 | D:3      | Offered knowledge of Mephitic Cloud by Vehumet.
  3083 | D:3      | Reached skill level 1 in Ice Magic
  3231 | D:3      | Found Oxzi's Antique Weapon Boutique.
  3507 | D:3      | Reached XP level 5. HP: 25/55 MP: 4/7
  3742 | D:3      | Identified the +5 dagger "Keskapt" {antimagic, rC+}
  4083 | D:4      | Noticed Edmund
  4101 | D:3      | Slain by Edmund

Illustrated notes

Levels and vault maps discovered:
D:1:      mrwooster_arrival_statue_2, layout_basic, basic_ecumenical_altar
D:2:      layout_loops_cross, minmay_splitting_lines, grunt_ministairs_1,
          minmay_goblin_kobold_house
D:3:      layout_rooms, serial_shops, nicolae_shop_window_shopping
D:4:      layout_basic, hangedman_ru_absence, uniq_edmund

Skill      XL: |  1  2  3  4 |
---------------+-------------+-----
Dodging        | 3 |  3.0
Maces & Flails | 3 |  3.9
Spellcasting   | 1 |  1.6
Ice Magic      | 1 |  1.4
Fighting       | |  4.5
Stealth        | |  1.9

Action                   |  1- 3 |  4- 6 || total
-------------------------+-------+-------++-------
Melee: Mace              |   133 |    61 ||   194
       Punch             |     2 |     1 ||     3
       Dagger            |       |    20 ||    20
 Cast: Freeze            |     9 |    28 ||    37
 Stab: Sleeping          |     7 |       ||     7
Armor: Robe              |    50 |    24 ||    74
Dodge: Dodged            |    80 |    63 ||   143
